[Event "*** SCC Grand Prix: Titled Tuesday Blitz"]
[Site "Chess.com"]
[Date "2020.08.25"]
[Round "3"]
[White "MarcoRiehle"]
[Black "Moon_stone123"]
[Result "1-0"]
[WhiteElo "2729"]
[BlackElo "2532"]
[TimeControl "180+1"]
[EndTime "10:27:47 PDT"]
[Termination "MarcoRiehle won by resignation"]

1. e4 c6 2. c4 d5 3. exd5 cxd5 4. cxd5 Nf6 5. Nc3 g6 6. Bc4 Bg7 7. Nf3 O-O 8. O-O Nbd7 9. d3 Nb6 10. Qb3 Bg4 11.
Ne5 Bf5 12. Re1 Ne8 13. a4 Qc7 14. Bf4 Nd6 15. a5 Nd7 16. Nxd7 Qxd7 17. Qb4 Rfc8 18. h3 h5 19. Re3 Bd4 20. Ree1 Bg7 21. Rac1 Rc7 22.
Nb5 Nxb5 23. Bxb5 1-0

[Event "*** SCC Grand Prix: Titled Tuesday Blitz"]
[Site "Chess.com"]
[Date "2020.08.25"]
[Round "3"]
[White "CarrotsandPizza"]
[Black "arminmusovic"]
[Result "0-1"]
[WhiteElo "2376"]
[BlackElo "2588"]
[TimeControl "180+1"]
[EndTime "10:27:48 PDT"]
[Termination "arminmusovic won by resignation"]

1. e4 c6 2. d4 d5 3. Nc3 dxe4 4. Nxe4 Nf6 5. Nxf6+ exf6 6. Ne2 Bd6 7. Ng3 O-O 8. Be2 Re8 9. O-O Nd7 10. c4 Nf8 11.
b3 Be6 12. Bf3 Rc8 13. Bb2 Ng6 14.
Re1 Nh4 15. Be4 f5 16. Bd3 f4 17. Ne4 f3 18. Nxd6 Qxd6 19. g3 Ng2 20. Re5 Bg4 21. Rg5 h5 22. Bf5 Bxf5 23. Qxf3 Re1+ 24. Kxg2 Be4 25.
Rxe1 Bxf3+ 26. Kxf3 Qf6+ 27. Rf5 Qxf5+ 0-1

[Event "*** SCC Grand Prix: Titled Tuesday Blitz"]
[Site "Chess.com"]
[Date "2020.08.25"]
[Round "3"]
[White "TokChess"]
[Black "Aleksandar-Topalov"]
[Result "1-0"]
[WhiteElo "2428"]
[BlackElo "2267"]
[TimeControl "180+1"]
[EndTime "10:27:49 PDT"]
[Termination "TokChess won by resignation"]

1. Nf3 Nf6 2. g3 g6 3. Bg2 Bg7 4. O-O O-O 5. c4 c5 6. Nc3 Nc6 7. d4 a6 8. dxc5 Qa5 9. a3 Qxc5 10. Nd2 d6 11. b4 Qh5 12. Bb2 Bh3 13. f3 Bxg2 14.
Kxg2 Rac8 15. e3 Ne5 16. Qe2 Rc7 17. Rac1 Rfc8 18. Na4 Nfg4 19. h3 Nf6 20. Nb6 Rd8 21.
g4 Qh4 22. f4 Ned7 23. Nf3 Qh6 24. g5 Qh5 25. gxf6 Nxf6 26. Bxf6 Bxf6 27. Nd5 1-0

[Event "*** SCC Grand Prix: Titled Tuesday Blitz"]
[Site "Chess.com"]
[Date "2020.08.25"]
[Round "3"]
[White "catzapto"]
[Black "SHIVACalypso"]
[Result "0-1"]
[WhiteElo "2052"]
[BlackElo "2327"]
[TimeControl "180+1"]
[EndTime "10:27:52 PDT"]
[Termination "SHIVACalypso won by resignation"]

1. e4 e6 2. d4 d5 3. Nd2 Nf6 4. e5 Nfd7 5. Bd3 c5 6. c3 Nc6 7.
Ne2 cxd4 8. cxd4 f6 9. exf6 Nxf6 10. O-O Bd6 11. Nf3 O-O 12. Bf4 Bxf4 13. Nxf4 Ne4 14.
Qc1 Qf6 15. Ne2 Nb4 16. Bb1 Bd7 17. Ne5 Bb5 18. Bxe4 Bxe2 19. Nd7 Qxd4 20. Bxh7+ Kxh7 21. Nxf8+ Rxf8 22. Qe3 Qxe3 23. fxe3 Rxf1+ 24. Rxf1 Bxf1 25. a3 Nd3 26. Kxf1 Nxb2 27. Ke2 Nc4 28. Kd3 Nxa3 29. Kd4 Nc4 30. e4 a5 0-1

[Event "*** SCC Grand Prix: Titled Tuesday Blitz"]
[Site "Chess.com"]
[Date "2020.08.25"]
[Round "3"]
[White "dopolian"]
[Black "paulrusan"]
[Result "1-0"]
[WhiteElo "2475"]
[BlackElo "2193"]
[TimeControl "180+1"]
[EndTime "10:27:54 PDT"]
[Termination "dopolian won by resignation"]

1. Nf3 f5 2. d3 d6 3. e4 e5 4. g3 Be7 5. Bg2 Nf6 6. O-O c5 7. exf5 Bxf5 8. c3 Nc6 9. d4 cxd4 10. cxd4 e4 11. Nh4 Bg4 12. f3 exf3 13. Nxf3 Qd7 14. Be3 O-O 15. Nc3 h6 16. Qb3+ d5 17. Ne5 Nxe5 18.
dxe5 Nh5 19. Qxd5+ Kh8 20. Qxd7 Bxd7 21. Bxb7 Rab8 22.
Bf3 g6 23. Bxh6 Rf5 24. g4 Bc5+ 25. Kg2 Nf4+ 26. Kg3 Rxe5 27. Bxf4 Bd6 28. Bxe5+ Bxe5+ 29. Kg2 Rxb2+ 30. Ne2 Rxe2+ 31. Bxe2 Bxa1 32. Rxa1 1-0

[Event "*** SCC Grand Prix: Titled Tuesday Blitz"]
[Site "Chess.com"]
[Date "2020.08.25"]
[Round "3"]
[White "KaterinaMiroshnik"]
[Black "DenLaz"]
[Result "0-1"]
[WhiteElo "2414"]
[BlackElo "2706"]
[TimeControl "180+1"]
[EndTime "10:27:58 PDT"]
[Termination "DenLaz won by resignation"]

1. d4 d5 2. Nf3 Nf6 3. e3 c6 4. Bd3 Bg4 5. O-O Nbd7 6. Nbd2 e5 7. dxe5 Nxe5 8. Be2 Bxf3 9. Nxf3 Bd6 10.
b3 Ne4 11. Bb2 Qf6 12. Kh1 O-O 13. Bd3 Rfe8 14. Bxe4 dxe4 15. Nd4 Rad8 16. Qe2 a6 17. c4 Nd3 18. f3 Nxb2 19. Qxb2 c5 20. fxe4 Qe5 21. g3 cxd4 22. exd4 Qxe4+ 23. Qg2 Qxg2+ 24. Kxg2 g6 25. Rf2 Re4 26. Rd1 Bc5 0-1

[Event "*** SCC Grand Prix: Titled Tuesday Blitz"]
[Site "Chess.com"]
[Date "2020.08.25"]
[Round "3"]
[White "regular_legs"]
[Black "DishonorOnYourCow"]
[Result "1-0"]
[WhiteElo "2523"]
[BlackElo "2338"]
[TimeControl "180+1"]
[EndTime "10:27:58 PDT"]
[Termination "regular_legs won by resignation"]

1. d4 Nf6 2. c4 g6 3. Nc3 d5 4. cxd5 Nxd5 5. e4 Nxc3 6. bxc3 Bg7 7. Bc4 c5 8. Ne2 O-O 9. O-O Nc6 10. Be3 Qc7 11. Rc1 Rd8 12. h4 Qa5 13. Qb3 e6 14. Rfd1 cxd4 15. cxd4 Qh5 16. Bg5 Rf8 17. Ng3 Qg4 18.
Be2 e5 19. Bxg4 Bxg4 20. f3 1-0

[Event "*** SCC Grand Prix: Titled Tuesday Blitz"]
[Site "Chess.com"]
[Date "2020.08.25"]
[Round "3"]
[White "tdf98pantani"]
[Black "bsnsun"]
[Result "1-0"]
[WhiteElo "2668"]
[BlackElo "2406"]
[TimeControl "180+1"]
[EndTime "10:28:00 PDT"]
[Termination "tdf98pantani won by resignation"]

1. d4 Nf6 2. c4 e6 3. Nf3 d5 4. Nc3 dxc4 5. Qa4+ c6 6. Qxc4 b5 7. Qd3 Bb7 8. e4 a6 9. Bg5 Be7 10.
e5 Nd5 11. Ne4 O-O 12. Bxe7 Qxe7 13. Nc5 a5 14. Qe4 Na6 15. Rc1 Nxc5 16. Rxc5 f5 17. exf6 Nxf6 18. Qh4 Rad8 19. Bd3 Rd5 20. Bxh7+ Kf7 21.
Rxd5 exd5+ 22. Ne5+ Ke8 23. O-O Ne4 24. Qxe7+ Kxe7 25. Bxe4 1-0

[Event "*** SCC Grand Prix: Titled Tuesday Blitz"]
[Site "Chess.com"]
[Date "2020.08.25"]
[Round "3"]
[White "marcocordeiro2013"]
[Black "jacky72"]
[Result "0-1"]
[WhiteElo "2222"]
[BlackElo "2546"]
[TimeControl "180+1"]
[EndTime "10:28:00 PDT"]
[Termination "jacky72 won by resignation"]

1. d4 d5 2. c4 c6 3. cxd5 cxd5 4. Nc3 Nc6 5. Nf3 Nf6 6. Bf4 a6 7. e3 e6 8. Rc1 Be7 9. Bd3 O-O 10. O-O Nh5 11. Bg3 Nxg3 12. hxg3 Bd7 13. a3 b5 14. e4 dxe4 15. Nxe4 Rc8 16. Nc5 Nxd4 17. Nxd4 Bxc5 18. Bxh7+ Kxh7 19. Qh5+ Kg8 20. Rxc5 Qf6 21. Rd1 Rxc5 22. Qxc5 Rc8 23. Qd6 Be8 24. Qxa6 Rd8 25. Qb6 e5 26. Qxf6 gxf6 27. Kf1 exd4 28. Ke2 b4 29. Kd3 Bb5+ 30.
Kd2 bxa3 31. bxa3 Re8 32. Rb1 Re2+ 33. Kd1 Ba6 34. Rb6 Re6 35. Rb8+ Kg7 36. Rd8 d3 37. f3 Re2 38. Rd6 Bc4 39. Rd4 Bb3+ 40. Kc1 Rc2+ 41.
Kb1 Rxg2 0-1

[Event "*** SCC Grand Prix: Titled Tuesday Blitz"]
[Site "Chess.com"]
[Date "2020.08.25"]
[Round "3"]
[White "aNaartjieZA"]
[Black "Kaliopa"]
[Result "1-0"]
[WhiteElo "2478"]
[BlackElo "2201"]
[TimeControl "180+1"]
[EndTime "10:28:04 PDT"]
[Termination "aNaartjieZA won by resignation"]

1. e4 c5 2. Nf3 d6 3. g3 Nc6 4. Bg2 g6 5. O-O Bg7 6. c3 e5 7. d3 Nge7 8. a3 O-O 9. b4 b6 10. Nbd2 Bb7 11. Bb2 Qd7 12. Re1 Rfe8 13. b5 Nd8 14. a4 d5 15. exd5 Nxd5 16. Nc4 f6 17.
Qb3 Kh8 18. a5 Ne6 19. a6 Bc8 20. Rad1 Rb8 21. d4 cxd4 22. cxd4 Qf7 23. Nd6 Qd7 24.
Nxe8 Qxe8 25. Qxd5 Bd7 26. dxe5 fxe5 27. Bxe5 Rd8 28.
Bxg7+ Kxg7 29. Rxe6 Qxe6 30. Qxe6 1-0

[Event "*** SCC Grand Prix: Titled Tuesday Blitz"]
[Site "Chess.com"]
[Date "2020.08.25"]
[Round "3"]
[White "Annagozel"]
[Black "Rodalquilar"]
[Result "0-1"]
[WhiteElo "1854"]
[BlackElo "2631"]
[TimeControl "180+1"]
[EndTime "10:28:05 PDT"]
[Termination "Rodalquilar won by resignation"]

1. e4 d5 2. exd5 Qxd5 3. Nc3 Qa5 4. d4 Nf6 5. Bd3 Nc6 6. Nf3 Bg4 7. Be2 O-O-O 8. Be3 e5 9. O-O Bxf3 10. Bxf3 exd4 11. Bxc6 bxc6 12. Bxd4 c5 13. Qf3 cxd4 14. Rfd1 Kb8 15.
Ne2 c5 16. b4 Qc7 17. bxc5 Bxc5 18. Rab1+ Bb6 19. Nxd4 Rd6 20. c3 Rc8 21. Rdc1 Rxd4 22. cxd4 Qxc1+ 23. Qd1 Qxd1+ 24. Rxd1 Bxd4 25. g3 Bb6 0-1

[Event "*** SCC Grand Prix: Titled Tuesday Blitz"]
[Site "Chess.com"]
[Date "2020.08.25"]
[Round "3"]
[White "Duong57"]
[Black "LawrenceTrent"]
[Result "1-0"]
[WhiteElo "2368"]
[BlackElo "2533"]
[TimeControl "180+1"]
[EndTime "10:28:05 PDT"]
[Termination "Duong57 won by resignation"]

1. d4 g6 2. c4 Bg7 3. e4 Nc6 4. Nf3 d6 5. d5 Ne5 6. Nxe5 Bxe5 7. Nc3 Nf6 8. Bd3 O-O 9. O-O e6 10. Bg5 Kg7 11. Qd2 Rh8 12. Bh6+ Kg8 13. Be2 exd5 14. cxd5 Ng4 15. f4 Bxc3 16. Qxc3 Nxh6 17. f5 gxf5 18. exf5 f6 19. Rae1 Kf7 20. Bh5+ Kf8 21. Re8+ Qxe8 22. Bxe8 Kxe8 23. Qe3+ Kf7 24. Qxh6 Bd7 25. Qh5+ Kf8 26. Rf3 Re8 27. Qh6+ Kf7 28. Rg3 1-0

[Event "*** SCC Grand Prix: Titled Tuesday Blitz"]
[Site "Chess.com"]
[Date "2020.08.25"]
[Round "3"]
[White "StellarChessPro"]
[Black "BJthechessgod"]
[Result "1-0"]
[WhiteElo "2480"]
[BlackElo "2211"]
[TimeControl "180+1"]
[EndTime "10:28:05 PDT"]
[Termination "StellarChessPro won by checkmate"]

1. d4 Nf6 2. Bg5 e6 3. e4 Be7 4. Bd3 O-O 5. Nf3 d5 6. e5 Ne4 7.
Bxe7 Qxe7 8. Nbd2 Nxd2 9. Qxd2 c5 10. c3 Nc6 11. h4 h6 12. g4 cxd4 13. cxd4 Qb4 14.
g5 Qxd2+ 15. Kxd2 h5 16. Rag1 g6 17. a3 Bd7 18. Ke3 Rfc8 19. Rc1 Na5 20. b4 Nc4+ 21.
Bxc4 dxc4 22. Nd2 b5 23. Ne4 Bc6 24. Nf6+ Kf8 25. Rhd1 Rd8 26. a4 a6 27. a5 Ke7 28.
Rc2 Rac8 29. Rcd2 Bd5 30. Rc1 Rc7 31. Rc3 Rcc8 32. f3 Rc7 33. Rd1 Rcc8 34. Rh1 Rc7 35. Rh3 Rcc8 36. Rc1 c3 37. Rh2 Bb3 38. Kd3 Rc4 39.
Rxc3 Rdxd4+ 40. Ke3 Rxc3+ 41. Kxd4 Rc4+ 42. Ke3 Rxb4 43.
Rd2 Bd5 44. Rxd5 exd5 45. Nxd5+ Ke6 46. Nxb4 Kxe5 47. Nxa6 Kd6 48. Nb4 Kc5 49. a6 Kb6 50. Kd3 Ka7 51. Kd4 Kb6 52. Ke5 Ka7 53. Kf6 Kb6 54.
Kxf7 Ka5 55. a7 Kxb4 56. a8=Q Kc3 57. Kxg6 b4 58. Kxh5 b3 59. Qb7 Kb2 60. g6 Ka1 61. g7 b2 62. Qxb2+ Kxb2 63. g8=Q Ka1 64. Qc4 Kb2 65.
Qd3 Ka1 66. Qd2 Kb1 67. f4 Ka1 68. f5 Kb1 69. f6 Ka1 70. f7 Kb1 71. f8=Q Ka1 72.
Qf1# 1-0

[Event "*** SCC Grand Prix: Titled Tuesday Blitz"]
[Site "Chess.com"]
[Date "2020.08.25"]
[Round "3"]
[White "Chess_Dog06"]
[Black "checkitas"]
[Result "0-1"]
[WhiteElo "2303"]
[BlackElo "2125"]
[TimeControl "180+1"]
[EndTime "10:28:08 PDT"]
[Termination "checkitas won by resignation"]

1. Nf3 Nf6 2. g3 e6 3. Bg2 c5 4.
c4 Nc6 5. O-O d5 6. cxd5 exd5 7.
d4 Be7 8. Nc3 O-O 9. Bg5 Be6 10.
Rc1 c4 11. b3 Ba3 12. Ra1 Bb2 13. Nb5 Bxa1 14. Qxa1 a6 15. Nc3 b5 16. Ne5 Nxd4 17. e3 Nf5 18. Rd1 h6 19. Bxf6 Qxf6 20. Nxd5 Bxd5 21.
Bxd5 Rad8 22. Nxf7 Rxd5 23. Qxf6 Rxd1+ 0-1

[Event "*** SCC Grand Prix: Titled Tuesday Blitz"]
[Site "Chess.com"]
[Date "2020.08.25"]
[Round "3"]
[White "Susal_De_Silva"]
[Black "Keithonsky"]
[Result "0-1"]
[WhiteElo "2350"]
[BlackElo "2549"]
[TimeControl "180+1"]
[EndTime "10:28:13 PDT"]
[Termination "Keithonsky won on time"]

1. e4 e6 2. d4 d5 3. Nc3 Nf6 4. e5 Nfd7 5. f4 c5 6. Nf3 Nc6 7. Be3 a6 8. Qd2 b5 9. dxc5 Bxc5 10. Bxc5 Nxc5 11. Bd3 Bd7 12. Qf2 Qe7 13. Ne2 Nb4 14. Nc1 Rc8 15. Nd4 Nbxd3+ 16. Nxd3 Ne4 17. Qe3 O-O 18. O-O f6 19. c3 Be8 20. Nf3 Bh5 21. Nf2 Bxf3 22. gxf3 Nc5 23. Rae1 fxe5 24. fxe5 Rf5 25. f4 Rcf8 0-1

[Event "*** SCC Grand Prix: Titled Tuesday Blitz"]
[Site "Chess.com"]
[Date "2020.08.25"]
[Round "3"]
[White "PlotnikovPavel"]
[Black "fish7728"]
[Result "1-0"]
[WhiteElo "2473"]
[BlackElo "2183"]
[TimeControl "180+1"]
[EndTime "10:28:14 PDT"]
[Termination "PlotnikovPavel won by resignation"]

1. e4 c5 2. c3 Nf6 3. e5 Nd5 4. d4 e6 5. Nf3 d6 6. dxc5 dxc5 7. c4 Nb4 8. Qxd8+ Kxd8 9. Na3 a6 10. Bg5+ Kc7 11.
O-O-O Nxa2+ 12. Kb1 Nb4 13. Nb5+ Kc6 14. Rd8 axb5 15. Rxc8+ Kd7 16. Rd8+ Kc7 17. Be7 Bxe7 18. Rxh8 Ra5 19. cxb5 Nd7 20. Be2 Nb6 21. Rxh7 Ra2 22. Rd1 Na4 23. Rd2 c4 24. Bxc4 Rxb2+ 25. Rxb2 Nc3+ 1-0

[Event "*** SCC Grand Prix: Titled Tuesday Blitz"]
[Site "Chess.com"]
[Date "2020.08.25"]
[Round "3"]
[White "MrrRefrao"]
[Black "googlegoom"]
[Result "0-1"]
[WhiteElo "2208"]
[BlackElo "2441"]
[TimeControl "180+1"]
[EndTime "10:28:15 PDT"]
[Termination "googlegoom won by resignation"]

1. c4 c6 2. g3 d5 3. Bg2 Nf6 4. Nf3 e6 5. O-O b6 6. d4 Be7 7.
Qc2 Bb7 8. Nbd2 Nbd7 9. e4 O-O 10. e5 Ne8 11. h4 c5 12. cxd5 Bxd5 13. Ne4 h6 14.
Re1 Rc8 15. Bf4 cxd4 16. Qd2 Nc5 17. Nh2 f5 18. exf6 Nxf6 19. Nxf6+ Bxf6 20. b4 Bxg2 21. Kxg2 Qd5+ 22. Kh3 Na4 0-1

[Event "*** SCC Grand Prix: Titled Tuesday Blitz"]
[Site "Chess.com"]
[Date "2020.08.25"]
[Round "3"]
[White "ChessWarrior3"]
[Black "VladimirBugayev"]
[Result "1-0"]
[WhiteElo "2108"]
[BlackElo "2295"]
[TimeControl "180+1"]
[EndTime "10:28:16 PDT"]
[Termination "ChessWarrior3 won by checkmate"]

1. e4 c6 2. d4 d5 3. e5 Bf5 4. h4 h6 5. g4 Be4 6. f3 Bh7 7. e6 Qd6 8. exf7+ Kxf7 9. f4 Nf6 10. Nf3 Nxg4 11. h5 Qe6+ 12. Ne5+ Nxe5 13. fxe5 g5 14.
Bh3 Bf5 15. O-O Ke8 16. Bxf5 Qg8 17. Bc8 Kd8 18. Bxb7 Nd7 19. Bxa8 Qe6 20. Qf3 Kc7 21. c4 g4 22. Qa3 g3 23. Qxa7+ Kd8 24. Qa5+ Kc8 25. Rf3 Qh3 26. Bb7+ Kxb7 27. Rb3+ Kc8 28. Qa8+ Kc7 29. Rb7# 1-0

[Event "*** SCC Grand Prix: Titled Tuesday Blitz"]
[Site "Chess.com"]
[Date "2020.08.25"]
[Round "3"]
[White "elegant285"]
[Black "korbul"]
[Result "1-0"]
[WhiteElo "2373"]
[BlackElo "2540"]
[TimeControl "180+1"]
[EndTime "10:28:21 PDT"]
[Termination "elegant285 won by resignation"]

1. d4 Nf6 2. c4 e6 3. Nf3 b6 4. a3 Bb7 5. Nc3 d5 6. cxd5 exd5 7.
Bg5 Be7 8. e3 Nbd7 9. Bd3 O-O 10.
O-O c5 11. dxc5 bxc5 12. Rc1 c4 13. Bc2 Nc5 14. Nd4 g6 15. Qf3 Nfe4 16. Bxe7 Qxe7 17.
Nxe4 dxe4 18. Qe2 Bd5 19. Rfd1 Nd3 20. Bxd3 exd3 21. Qd2 Rab8 22. Re1 f5 23. Qa5 Rfe8 24. Qxd5+ Qf7 25. Qxc4 d2 26. Qxf7+ Kxf7 27. Rc7+ Kf6 28. Rd1 Rxb2 29. Kf1 f4 30. Ke2 fxe3 31. fxe3 Ra2 32.
Rc3 h5 33. Rxd2 Ra1 34. Rc6+ Kg5 35. Nf3+ Kh6 36. Rdd6 Rxa3 37. Rxg6+ Kh7 38. Ng5+ Kh8 39. Rh6+ Kg7 40. Rcg6+ Kf8 41. Rh8+ Ke7 42. Re6+ Kd7 1-0

[Event "*** SCC Grand Prix: Titled Tuesday Blitz"]
[Site "Chess.com"]
[Date "2020.08.25"]
[Round "3"]
[White "MarcoCorvi"]
[Black "serhanberat_ozdemir"]
[Result "0-1"]
[WhiteElo "2229"]
[BlackElo "2495"]
[TimeControl "180+1"]
[EndTime "10:28:21 PDT"]
[Termination "serhanberat_ozdemir won on time"]

1. c4 Nf6 2. Nc3 g6 3. g3 Bg7 4. Bg2 O-O 5. Nf3 d6 6. O-O c6 7. b3 Qa5 8. Bb2 Qh5 9. d3 Bh3 10. Ne4 Nxe4 11. Bxg7 Nxf2 12. Rxf2 Kxg7 13. Bxh3 Qxh3 14. Qd2 Nd7 15. Raf1 Qh5 16. Qc3+ e5 17. d4 Rae8 18. c5 dxc5 19. dxe5 Nxe5 20. g4 Qxg4+ 21.
Rg2 Qe4 22. Rg5 f6 23. Nxe5 Rxe5 24. Rxe5 fxe5 25. Rxf8 Kxf8 26. e3 b6 27. Kf2 Kg7 28. Qd2 Qd5 29. Qb2 Kf6 0-1

[Event "*** SCC Grand Prix: Titled Tuesday Blitz"]
[Site "Chess.com"]
[Date "2020.08.25"]
[Round "3"]
[White "oganromchess"]
[Black "Gahan-MG"]
[Result "0-1"]
[WhiteElo "2403"]
[BlackElo "2666"]
[TimeControl "180+1"]
[EndTime "10:28:22 PDT"]
[Termination "Gahan-MG won by resignation"]

1. e4 c5 2. Ne2 e6 3. d4 cxd4 4. Nxd4 a6 5. Nc3 b5 6. Bd3 Qb6 7. Be3 Bc5 8. Nce2 Nf6 9. h3 Bb7 10. O-O O-O 11. b4 Bxb4 12. Nxb5 Bc5 13. Nbd4 Nxe4 14. Rb1 Qa7 15. Nf4 e5 16. Nf5 Bxe3 17. fxe3 exf4 18. Rxf4 Nf6 19. Nh6+ Kh8 20. Rxb7 Qxe3+ 21. Rf2 Qxh6 0-1

[Event "*** SCC Grand Prix: Titled Tuesday Blitz"]
[Site "Chess.com"]
[Date "2020.08.25"]
[Round "3"]
[White "BasilSmash"]
[Black "viniciusrego"]
[Result "0-1"]
[WhiteElo "2464"]
[BlackElo "2238"]
[TimeControl "180+1"]
[EndTime "10:28:23 PDT"]
[Termination "viniciusrego won by resignation"]

1. d4 Nf6 2. Nf3 e6 3. g3 Be7 4. Bg2 O-O 5. O-O c5 6. dxc5 Na6 7. c4 Nxc5 8. Nc3 d6 9. b3 Nfe4 10. Nxe4 Nxe4 11. Bb2 Bf6 12. Qc2 Bxb2 13. Qxb2 Qf6 14. Qc2 d5 15. Rad1 Rd8 16. e3 b6 17. cxd5 exd5 18. Nd4 Ba6 19. Rfe1 Rac8 20. Qb2 Rc5 21. b4 Rc7 22. b5 Bb7 23. Nc6 Qxb2 0-1

[Event "*** SCC Grand Prix: Titled Tuesday Blitz"]
[Site "Chess.com"]
[Date "2020.08.25"]
[Round "3"]
[White "2346PL"]
[Black "tylityli"]
[Result "1-0"]
[WhiteElo "2475"]
[BlackElo "2197"]
[TimeControl "180+1"]
[EndTime "10:28:24 PDT"]
[Termination "2346PL won by resignation"]

1. d4 Nf6 2. Bg5 Ne4 3. h4 h6 4. Bf4 d5 5. Nd2 Bf5 6. f3 Nxd2 7. Qxd2 e6 8. e3 c5 9. Bxb8 Qxb8 10. Bb5+ Kd8 11. e4 Qg3+ 12. Kf1 a6 13. Ba4 b5 14.
Qa5+ Qc7 15. Qxc7+ Kxc7 16. exf5 bxa4 17. fxe6 fxe6 18.
Ne2 Bd6 19. dxc5 Bxc5 20. Nf4 Kd6 21. Ke2 Rab8 22. b3 Rhf8 23. Nd3 Bd4 24. Rad1 axb3 25. axb3 e5 26. h5 Rfc8 27. Ne1 Rc3 28. Rd3 Rbc8 29.
Rxc3 Rxc3 30. Kd2 Rc5 31. Nd3 Ra5 32. Rh4 Ra2 33. Rg4 e4 34. fxe4 dxe4 35. Rxe4 Bf6 36.
Ra4 Rxa4 37. bxa4 Kd5 38. Nb4+ Kc5 39. Nxa6+ Kb6 40. Nb4 Ka5 41. Nd5 Bg5+ 42. Kd3 Kxa4 43. Kc4 Ka5 44. Kc5 Ka6 45. Kc6 Ka5 46. c4 Ka4 47. c5 Kb3 48. Kd7 Kc4 49. c6 1-0

[Event "*** SCC Grand Prix: Titled Tuesday Blitz"]
[Site "Chess.com"]
[Date "2020.08.25"]
[Round "3"]
[White "Sesleria"]
[Black "saraswathii"]
[Result "0-1"]
[WhiteElo "2061"]
[BlackElo "2297"]
[TimeControl "180+1"]
[EndTime "10:28:28 PDT"]
[Termination "saraswathii won by resignation"]

1. e4 c5 2. Nf3 e6 3. d4 cxd4 4.
Nxd4 Nf6 5. Nc3 Nc6 6. Nxc6 bxc6 7. e5 Nd5 8. Ne4 f5 9. exf6 Nxf6 10. Nd6+ Bxd6 11.
Qxd6 Qe7 12. Qxe7+ Kxe7 13. c4 d5 14. Bg5 h6 15.
Bf4 Kf7 16. O-O-O Rd8 17. Be2 a5 18. Kb1 Ba6 19. Rc1 g5 20. Bc7 Rd7 21. Be5 Ne4 22.
Bh5+ Ke7 23. cxd5 cxd5 24. f4 gxf4 25. Bxf4 Nf2 26. Bxh6 Nxh1 27. Bg5+ Kd6 28. Rxh1 Rh8 29. g4 e5 30. Rf1 Bd3+ 0-1

[Event "*** SCC Grand Prix: Titled Tuesday Blitz"]
[Site "Chess.com"]
[Date "2020.08.25"]
[Round "3"]
[White "AJSC02"]
[Black "dodorox"]
[Result "1-0"]
[WhiteElo "2302"]
[BlackElo "2074"]
[TimeControl "180+1"]
[EndTime "10:28:29 PDT"]
[Termination "AJSC02 won by resignation"]

1. e4 e6 2. d4 d5 3. Bd3 dxe4 4. Bxe4 Nf6 5. Bf3 c5 6. Ne2 Nc6 7. Be3 Qa5+ 8. Nbc3 cxd4 9. Nxd4 Bd7 10. O-O Be7 11.
Qe2 O-O 12. Nb3 Qc7 13. Nb5 Qc8 14. Rfd1 a6 15. Nd6 Bxd6 16. Rxd6 Qc7 17. Rad1 Rad8 18.
Bf4 e5 19. Bxc6 Bxc6 20. Bxe5 Rfe8 21. Rxd8 1-0

[Event "*** SCC Grand Prix: Titled Tuesday Blitz"]
[Site "Chess.com"]
[Date "2020.08.25"]
[Round "3"]
[White "Unkreativ3"]
[Black "StephenDedalus83"]
[Result "1-0"]
[WhiteElo "2502"]
[BlackElo "2730"]
[TimeControl "180+1"]
[EndTime "10:28:30 PDT"]
[Termination "Unkreativ3 won by resignation"]

1. d4 Nf6 2. c4 g6 3. Nc3 Bg7 4. Nf3 O-O 5. Bg5 d6 6. e3 c6 7. Be2 a6 8. a4 a5 9. O-O Na6 10. Nd2 Qc7 11. f4 Nb4 12. Bf3 e5 13. c5 exd4 14. exd4 h6 15. Bh4 dxc5 16. dxc5 Qxf4 17. Bg3 Qd4+ 18. Bf2 Qd8 19. Nc4 Nfd5 20. Nxd5 cxd5 21. Nb6 Be6 22. Nxa8 Qxa8 23. Qd2 Rd8 24. Rae1 Qc8 25.
Rd1 d4 26. Rc1 Na2 27. c6 Nxc1 28. cxb7 Qc7 29. Rxc1 Qb6 30. Rc6 Qb3 31. Qxa5 Rf8 32. Rb6 Qc2 33. b8=Q 1-0

[Event "*** SCC Grand Prix: Titled Tuesday Blitz"]
[Site "Chess.com"]
[Date "2020.08.25"]
[Round "3"]
[White "chesstatour"]
[Black "pedromartinez91"]
[Result "0-1"]
[WhiteElo "1894"]
[BlackElo "2454"]
[TimeControl "180+1"]
[EndTime "10:28:30 PDT"]
[Termination "pedromartinez91 won by resignation"]

1. c4 Nf6 2. Nc3 c6 3. d4 g6 4.
e4 d5 5. e5 Ne4 6. Bd3 Nxc3 7.
bxc3 Bg7 8. f4 O-O 9. Nf3 c5 10. O-O cxd4 11. cxd4 dxc4 12. Bxc4 Bg4 13. Be3 Nd7 14.
Qb3 Nb6 15. Rac1 Nxc4 16. Qxc4 Be6 17. Qe2 Rc8 18. Rfd1 Qd5 19. Ng5 Qxa2 20. Qxa2 Bxa2 21. Ra1 Bd5 22. Rxa7 f6 23. Nf3 Rc3 24. Kf2 Rfc8 25.
Rd2 Kf7 26. Ne1 Bh6 27. Nd3 b6 28. g3 R8c4 29. Ra6 Be4 30. Ne1 Rb4 31. Nd3 Bxd3 0-1

[Event "*** SCC Grand Prix: Titled Tuesday Blitz"]
[Site "Chess.com"]
[Date "2020.08.25"]
[Round "3"]
[White "Falia-p"]
[Black "amintabatabaei"]
[Result "0-1"]
[WhiteElo "2286"]
[BlackElo "2997"]
[TimeControl "180+1"]
[EndTime "10:28:34 PDT"]
[Termination "amintabatabaei won by resignation"]

1. e4 c5 2. Nf3 d6 3. d4 cxd4 4. Nxd4 Nf6 5. Nc3 Nc6 6. Bg5 e6 7. Qd2 a6 8. O-O-O Be7 9. f4 Bd7 10. Nf3 b5 11. Bxf6 gxf6 12. Kb1 b4 13. Ne2 h5 14. f5 e5 15. h4 Qb6 16. Nc1 a5 17. Bc4 Rc8 18. Bd5 Na7 19. Nh2 Nb5 20. Qd3 a4 21.
Ne2 Nc3+ 22. Ka1 Bb5 23. Qg3 Nxd1 24. Qg7 Rf8 25. Rxd1 Bxe2 26. Rc1 Rxc2 27. Rb1 a3 28. Nf3 axb2+ 29. Rxb2 Rc1+ 30. Rb1 Qe3 0-1

[Event "*** SCC Grand Prix: Titled Tuesday Blitz"]
[Site "Chess.com"]
[Date "2020.08.25"]
[Round "3"]
[White "Anton_Demchenko"]
[Black "Aygehovit1992"]
[Result "1-0"]
[WhiteElo "2848"]
[BlackElo "2610"]
[TimeControl "180+1"]
[EndTime "10:28:36 PDT"]
[Termination "Anton_Demchenko won by resignation"]

1. e4 e5 2. Nf3 Nc6 3. Nc3 Nf6 4. d4 exd4 5. Nxd4 Bb4 6. Nxc6 bxc6 7. Bd3 d5 8. exd5 cxd5 9. O-O O-O 10. h3 c6 11. Qf3 Be6 12. Bf4 Bd6 13. b3 Rb8 14. Rfe1 Rb4 15. Ne2 Ne4 16. Rad1 Qf6 17. Bxe4 dxe4 18.
Qe3 Be7 19. Qxa7 g5 20. Bd2 Rb5 21. Bc3 Qg6 22. Qxe7 g4 23. Rd8 1-0

[Event "*** SCC Grand Prix: Titled Tuesday Blitz"]
[Site "Chess.com"]
[Date "2020.08.25"]
[Round "3"]
[White "northridgehawk"]
[Black "GustavoJuarezF"]
[Result "1-0"]
[WhiteElo "2301"]
[BlackElo "2071"]
[TimeControl "180+1"]
[EndTime "10:28:36 PDT"]
[Termination "northridgehawk won on time"]

1. e4 c5 2. Nf3 Nc6 3. d4 cxd4 4. Nxd4 Nf6 5. Nc3 e5 6. Ndb5 d6 7. Nd5 Nxd5 8. exd5 Nb8 9. c4 Be7 10. Be2 a6 11.
Nc3 O-O 12. O-O f5 13. f4 Bf6 14. Be3 Nd7 15. Qd2 b6 16. a3 exf4 17. Bxf4 Be5 18.
b4 Qh4 19. g3 Qf6 20. Rac1 Bd4+ 21. Kg2 h6 22. Bf3 Be5 23. Ne2 g5 24. Bxe5 Nxe5 25. Nd4 Nxf3 26. Rxf3 Bd7 27. Rcf1 f4 28. gxf4 Bg4 29.
Rg3 gxf4 30. Rxg4+ Kh8 31. Rfxf4 1-0